 Dungeon Crawl Stone Soup version 0.30.1 (webtiles) character file.

Game seed: 10290148368462042206

413 AIAndy the Skirmisher (level 6, -1/46 HPs)
             Began as a Barachi Hunter on July 4, 2023.
             Slain by an orc priest
             ... wielding a +0 falchion
              (5 damage)
             ... on level 4 of the Dungeon.
             The game lasted 00:10:21 (2870 turns).

AIAndy the Skirmisher (Barachi Hunter)              Turns: 2870, Time: 00:10:22

Health: -1/46      AC: 10    Str: 12    XL:     6   Next: 90%
Magic:  6/6        EV: 11    Int: 17    God:
Gold:   168        SH:  0    Dex: 17    Spells: 5/5 levels left

rFire   . . .        a - +0 shortbow
rCold   . . .        (shield currently unavailable)
rNeg    . . .        k - +0 swamp dragon scales
rPois   +            i - +0 helmet
rElec   .            (no cloak)
rCorr   .            (no gloves)
SInv    .            (no boots)
Will    .....        (no amulet)
Stlth   +            l - ring of flight
HPRegen 0.27/turn    p - ring of Xom's Fair Game {rPois Will- Int+7 Slay+2}
MPRegen 0.10/turn

%: clarity
@: brilliant, unable to hop, flying, slow
A: amphibious, slowness 1, strong legs 1, +LOS, iridescent scales 1, clarity,
screaming 1
a: Hop


You were on level 4 of the Dungeon.
You visited 1 branch of the dungeon, and saw 4 of its levels.

You collected 168 gold pieces.

Inventory:

Hand Weapons
 a - a +0 shortbow (weapon)
 m - the +6 spear of Wu Jian's Inspiration {flame, Fragile rPois Str+2 Dex+6}
   (You found it on level 2 of the Dungeon)

   Str:       It affects your strength (+2).
   Dex:       It affects your dexterity (+6).
   rPois:     It protects you from poison.
   Fragile:   It will be destroyed if unequipped.
 s - a +0 quick blade
 y - a +2 morningstar of holy wrath
Armour
 i - a +0 helmet (worn)
 k - +0 swamp dragon scales (worn)
Jewellery
 l - a ring of flight (left hand)
 p - the ring of Xom's Fair Game (right hand) {rPois Will- Int+7 Slay+2}
   (You found it on level 2 of the Dungeon)

   [ring of poison resistance]

   Int:       It affects your intelligence (+7).
   Slay:      It affects your accuracy & damage with ranged weapons and melee
   (+2).
   rPois:     It protects you from poison.
   Will:      It decreases your willpower.
 w - a ring of ice
Scrolls
 b - a scroll of immolation
 d - a scroll of magic mapping {unknown}
 f - 5 scrolls of identify {unknown}
 j - a scroll of poison {unknown}
 n - a scroll of fog {unknown}
 o - 2 scrolls of teleportation {unknown}
 q - 2 scrolls of vulnerability {unknown}
 r - a scroll of acquirement {unknown}
 t - a scroll of fear {unknown}
 v - 2 scrolls of noise {unknown}
Potions
 h - a potion of flight {unknown}
 u - a potion of might {unknown}
 x - a potion of curing {unknown}


   Skills:
 - Level 2.4 Fighting
 + Level 8.0 Ranged Weapons
 - Level 2.1 Dodging
 - Level 0.8 Stealth


You had 5 spell levels left.
You didn't know any spells.
Your spell library contained the following spells:

 Spells                   Type           Power      Damage    Failure   Level
 Shock                    Conj/Air       0%         1d3       47%         1
 Slow                     Hex            0%         N/A       47%         1
 Confusing Touch          Hex            0%         N/A       85%         3
 Swiftness                Air            0%         N/A       85%         3
 Vampiric Draining        Necr           0%         2d6       85%         3
 Airstrike                Air            0%         2d(0-16)  99%         4


Dungeon Overview and Level Annotations

Branches:
Dungeon (4/15)
 Temple: D:4-7

Altars:

Shops:
D:1 **!*   D:2 ?   D:4 !

Annotations:
D:2 1 runed translucent door, Crazy Yiuf


Innate Abilities, Weirdness & Mutations

You are amphibious.
You cover ground slowly.
You can hop short distances.
You have an extended range of vision and can be seen from far away.
You are partially covered in iridescent scales. (AC +2)
You possess an exceptional clarity of mind.
You occasionally shout uncontrollably at your foes.


Message History

The orc's wounds heal themselves!
Fire: a) +0 shortbow
Press: ? - help, Q - select action, (/) - cycle Shift-Dir - straight line, f/p - orc priest
Aim: an orc priest, wielding a +0 falchion and wearing a +0 chain mail (72% to hit)
You shoot an arrow. The arrow hits the orc!
You kill the orc!
Okay, then.
Okay, then.
Fire: a) +0 shortbow
Press: ? - help, Q - select action, (/) - cycle Shift-Dir - straight line, f/p - orc priest
Aim: an orc priest, wielding a +0 falchion and wearing a +0 chain mail (72% to hit)
You shoot an arrow. The arrow hits the orc priest.
The orc priest is moderately wounded.
The orc priest miscasts a cantrip.
Fire: a) +0 shortbow
Press: ? - help, Q - select action, (/) - cycle Shift-Dir - straight line, f/p - orc priest
Aim: an orc priest, wielding a +0 falchion and wearing a +0 chain mail (moderately wounded, 72% to hit)
You shoot an arrow.
The arrow hits the orc priest but does no damage.
The orc priest is moderately wounded.
The orc priest calls down the wrath of Beogh upon you.
Beogh smites you!
* * * LOW HITPOINT WARNING * * *
The orc priest misses you.
Okay, then.
Okay, then.
You feel clever.
p - the ring of Xom's Fair Game (right hand) {rPois Will- Int+7 Slay+2}
Okay, then.
It was a potion of mutation.
You feel extremely strange.
You feel the urge to shout.
Iridescent scales grow over part of your body.
Your thoughts seem clearer.
The orc priest misses you.
It was a potion of cancellation.
You feel magically purged.
The orc priest hits you but does no damage.
It was a potion of brilliance.
You feel clever all of a sudden.
The orc priest hits you with a +0 falchion.
You die...

#......#....###...#
#......#....# #...#
#......#....###...#
#......#...........
#......#.......##..
#......#.......##.#
#..................
##.################
#@# ##o### #....#
#....# #....#
#....#
.....o......#
............#
####.###....#


You could see an orc priest.

Vanquished Creatures
  Menkaure (D:4)
  A howler monkey (D:4)
  A sleepcap (D:4)
  An iguana (D:4)
  Robin (D:2)
  5 adders
  4 gnolls (D:3)
  3 worms
  2 dart slugs
  6 orcs (D:4)
  7 bats
  9 endoplasms
  3 giant cockroaches
  11 goblins
  7 hobgoblins
  11 jackals
  4 quokkas
  4 ball pythons
  4 frilled lizards
  2 kobolds
  7 rats
94 creatures vanquished.

Notes
Turn   | Place    | Note
-------+----------+-------------------------------------------
     0 | D:1      | AIAndy the Barachi Hunter began the quest for the Orb.
     0 | D:1      | Reached XP level 1. HP: 17/17 MP: 1/1
    31 | D:1      | Found Joekuy's Assorted Antiques.
    83 | D:1      | Found Ykaeptat's Distillery.
   124 | D:1      | Reached XP level 2. HP: 20/23 MP: 2/2
   390 | D:1      | Found Qada's General Store.
   480 | D:1      | Found Voffupp's General Store.
   553 | D:1      | Reached XP level 3. HP: 28/28 MP: 3/3
   789 | D:1      | Reached skill level 5 in Ranged Weapons
   928 | D:2      | Found a runed translucent door.
   929 | D:2      | Noticed Crazy Yiuf
  1009 | D:2      | Noticed Robin
  1023 | D:2      | Killed Robin
  1025 | D:2      | Reached XP level 4. HP: 31/34 MP: 4/4
  1206 | D:2      | Identified the +6 spear of Wu Jian's Inspiration {flame,
                  | Fragile rPois Str+2 Dex+6}
  1309 | D:2      | Found Faakh's Magic Scroll Shoppe.
  1550 | D:2      | Identified the ring of Xom's Fair Game {rPois Will- Int+7
                  | Slay+2}
  1733 | D:3      | Found a faded altar of an unknown god.
  1830 | D:3      | Reached skill level 6 in Ranged Weapons
  1845 | D:3      | Reached XP level 5. HP: 39/39 MP: 5/5
  2294 | D:4      | Reached skill level 7 in Ranged Weapons
  2294 | D:4      | Reached XP level 6. HP: 46/46 MP: 6/6
  2625 | D:4      | Found Vydocrua's Distillery.
  2688 | D:4      | Noticed Menkaure
  2693 | D:4      | Killed Menkaure
  2694 | D:4      | Reached skill level 8 in Ranged Weapons
  2868 | D:4      | Gained mutation: You occasionally shout uncontrollably at
                  | your foes. [potion of mutation]
  2868 | D:4      | Gained mutation: You are partially covered in iridescent
                  | scales. (AC +2) [potion of mutation]
  2868 | D:4      | Gained mutation: You possess an exceptional clarity of
                  | mind. [potion of mutation]
  2870 | D:4      | Slain by an orc priest

Illustrated notes

Levels and vault maps discovered:
D:1:      co_arrival_two_rings, layout_basic, serial_shops,
          nicolae_shop_pleasant_corner_grove, shop, nicolae_diamond_shop, shop,
          minivault_26, minmay_misc_feat_alley, interstate_on_off
D:2:      layout_loops_ring, serial_shops, nicolae_shop_rolled_up, uniq_robin,
          uniq_crazy_yiuf_cottage
D:3:      layout_rooms, dreamdust_ecumenical_altar_statues
D:4:      layout_basic, tso_altar, gup_sewer_entry_bubbles,
          minmay_misc_feat_cross, nicolae_take_the_stairs, uniq_menkaure,
          uniq_duvessa

Skill      XL: |  1  2  3  4  5  6 |
---------------+-------------------+-----
Ranged Weapons | 5 6 7 8 |  8.0
Fighting       | |  2.4
Dodging        | |  2.1
Stealth        | |  0.8

Action                     |  1- 3 |  4- 6 || total
---------------------------+-------+-------++-------
   Fire: Shortbow          |   113 |   178 ||   291
Ability: Hop               |       |     1 ||     1
    Use: Potion            |       |     3 ||     3
 Armour: Leather armour    |     9 |       ||     9
         Ring mail         |     4 |     4 ||     8
         Swamp dragon scal |       |    40 ||    40
  Dodge: Dodged            |    45 |    65 ||   110
